AoeStats
← skeezerrr

Nomad

509317498Analyzed
3v3 RM · 7d ago on Sep 26, 2026· 41m 20s· 6 players
Game mode
Random Map
Map size
210×210
Population
200
Speed
Normal
Resources
Standard
Victory
Conquest
Starting age
Dark Age
Ending age
Imperial Age
RankedLock teamsTeams togetherTeam positionsShared explorationLock speedFull tech treeHidden civsTurbo modeCheats
Victory
Defeat
🇬🇧 Persians · United Kingdom
1138
+16
🇬🇧 Vietnamese · United Kingdom
1125
+16
🇬🇧 Romans · United Kingdom
1102
+17
🇩🇪 Danes · Germany
1204
-20
🇦🇺 Huns · Australia
1106
-15
🇦🇺 Vietnamese · Australia
1068
-14
Husain Bolt
6:56 Loom
11:53 Feudal Age
12:31 Double-Bit Axe
18:55 Castle Age
19:06 Forging
19:09 Stone Mining
19:21 Gold Mining
24:41 Bloodlines
29:12 Horse Collar
31:08 Bow Saw
34:45 Imperial Age
33:46 Husbandry
33:57 Scale Barding Armor
35:30 Conscription
36:03 Gold Shaft Mining
36:43 Cavalier
39:18 Wheelbarrow
38:29 Town Watch
40:55 Iron Casting
skeezerrr
6:18 Loom
14:18 Feudal Age
14:52 Double-Bit Axe
15:44 Wheelbarrow
18:40 Stone Mining
20:57 Castle Age
19:03 Gold Mining
20:35 Fletching
24:37 Crossbowman
25:35 Bodkin Arrow
27:33 Padded Archer Armor
31:17 Squires
34:02 Murder Holes
34:27 Ballistics
36:44 Bow Saw
38:23 Leather Archer Armor
migetsrus
10:31 Loom
12:39 Feudal Age
13:07 Double-Bit Axe
12:58 Man-at-Arms
13:53 Horse Collar
16:45 Scale Mail Armor
21:47 Castle Age
22:05 Forging
22:10 Long Swordsman
22:51 Squires
29:23 Fishing Lines
33:08 Fletching
36:52 Padded Archer Armor
40:55 Bodkin Arrow
noziemann
5:19 Loom
14:34 Feudal Age
20:05 Castle Age
18:00 Double-Bit Axe
18:52 Arson
18:38 Man-at-Arms
19:21 Scale Mail Armor
20:35 Long Swordsman
21:01 Gambesons
25:04 Chain Mail Armor
25:20 Squires
28:59 Wheelbarrow
32:16 Forging
34:56 Fletching
37:04 Gold Mining
hiimynameisdale
5:58 Loom
16:27 Feudal Age
22:43 Castle Age
23:23 Bloodlines
25:02 Husbandry
36:36 Imperial Age
34:46 Scale Barding Armor
38:27 Wheelbarrow
39:01 Forging
necros89
6:10 Loom
15:10 Feudal Age
15:42 Double-Bit Axe
20:00 Fletching
21:22 Padded Archer Armor
23:51 Horse Collar
32:43 Wheelbarrow
34:57 Castle Age
35:04 Elite Skirmisher
37:11 Leather Archer Armor
37:50 Bodkin Arrow
Connection lost

Rejoining the realm…

Still unreachable

The connection could not be restored.

Session expired

The server has moved on; the page needs a fresh start.